AoeStats
← スカムバッグ

African Clearing

506682950Analyzed
4v4 RM · 17d ago on Sep 14, 2026· 51m 29s· 8 players
Game mode
Random Map
Map size
Large (8 player)
Population
200
Speed
Normal
Resources
Standard
Victory
Conquest
Starting age
Dark Age
Ending age
Imperial Age
RankedLock teamsTeams togetherTeam positionsShared explorationLock speedFull tech treeHidden civsTurbo modeCheats
Victory
Defeat
🇭🇰 Magyars · Hong Kong SAR China
1047
+14
1040
+14
🇨🇳 Mongols · China
1035
+15
🇦🇷 Japanese · Argentina
998
+16
🇬🇧 Ethiopians · United Kingdom
1035
-16
🇧🇪 Magyars · Belgium
1029
-15
🇨🇿 Britons · Czechia
979
-14
🇸🇰 Berbers · Slovakia
979
-14
tom_brown41
6:03 Loom
12:45 Feudal Age
17:50 Castle Age
16:03 Double-Bit Axe
16:03 Horse Collar
19:33 Bow Saw
20:20 Man-at-Arms
22:43 Crossbowman
25:16 Fletching
25:20 Town Watch
27:22 Wheelbarrow
27:28 Padded Archer Armor
27:57 Bodkin Arrow
28:33 Squires
28:59 Heavy Plow
30:41 Leather Archer Armor
30:39 Thumb Ring
32:12 Ballistics
32:26 Elite Skirmisher
33:44 Gold Mining
37:39 Imperial Age
38:16 Arbalester
39:23 Bracer
39:53 Ring Archer Armor
39:37 Masonry
40:29 Chemistry
39:59 Conscription
Aballion
15:23 Feudal Age
14:49 Loom
15:58 Double-Bit Axe
17:20 Horse Collar
24:29 Castle Age
26:40 Bow Saw
26:32 Heavy Plow
27:15 Fletching
29:57 Wheelbarrow
29:36 Treadmill Crane
30:48 Stone Mining
30:48 Gold Mining
33:22 Ballistics
33:04 Husbandry
33:15 Bloodlines
33:50 Bodkin Arrow
34:01 Scale Barding Armor
35:45 Gold Shaft Mining
35:45 Stone Shaft Mining
35:52 Stone Shaft Mining
39:46 Imperial Age
38:05 Hand Cart
38:47 Chain Barding Armor
38:31 Pikeman
39:11 Squires
39:04 Town Watch
39:29 Murder Holes
39:45 Masonry
40:37 Elite Camel Archer
41:40 Conscription
41:57 Bracer
42:34 Plate Barding Armor
43:08 Hoardings
noumha
9:21 Loom
14:03 Feudal Age
18:22 Castle Age
16:08 Horse Collar
18:05 Double-Bit Axe
25:36 Light Cavalry
26:22 Husbandry
26:32 Bloodlines
28:39 Scale Barding Armor
33:36 Imperial Age
33:59 Wheelbarrow
34:45 Cavalier
39:59 Hussar
41:55 Hand Cart
42:48 Paladin
スカムバッグ
15:08 Feudal Age
13:51 Loom
20:29 Castle Age
26:43 Ballistics
27:43 Double-Bit Axe
27:39 Horse Collar
29:04 Fletching
33:09 Bodkin Arrow
33:14 Padded Archer Armor
33:09 Gold Mining
33:31 Bow Saw
33:24 Heavy Plow
38:23 Imperial Age
37:07 Wheelbarrow
37:16 Leather Archer Armor
39:04 Bracer
40:06 Chemistry
40:18 Hand Cart
40:20 Elite Longbowman
41:22 Conscription
42:12 Ring Archer Armor
43:43 Yeomen
9630791
6:19 Loom
13:07 Feudal Age
18:29 Castle Age
16:43 Double-Bit Axe
18:03 Bloodlines
20:22 Horse Collar
21:19 Wheelbarrow
29:14 Heavy Plow
31:31 Fletching
31:41 Padded Archer Armor
33:37 Hand Cart
34:15 Bow Saw
35:07 Thumb Ring
35:33 Ballistics
36:05 Bodkin Arrow
36:26 Leather Archer Armor
39:51 Imperial Age
37:26 Husbandry
37:16 Light Cavalry
38:05 Scale Barding Armor
38:11 Forging
38:18 Gold Mining
38:20 Stone Mining
39:17 Chain Barding Armor
40:40 Iron Casting
41:52 Chemistry
40:58 Hussar
42:04 Conscription
42:24 Bracer
43:06 Parthian Tactics
46:28 Blast Furnace
45:45 Nomads
46:07 Drill
47:43 Capped Ram
50:01 Gold Shaft Mining
50:20 Siege Engineers
50:11 Murder Holes
50:45 Siege Ram
52:29 Stone Shaft Mining
Producto.Machete
14:48 Feudal Age
15:38 Double-Bit Axe
18:34 Castle Age
17:08 Fishing Lines
19:55 Loom
20:09 Gillnets
20:17 Fletching
21:24 Bow Saw
23:24 Town Watch
26:30 Scale Mail Armor
26:41 Forging
26:26 Bodkin Arrow
26:44 Stone Mining
27:33 Squires
27:19 Arson
26:55 Man-at-Arms
29:17 Chain Mail Armor
29:37 Iron Casting
29:44 Wheelbarrow
29:23 Long Swordsman
29:48 Gambesons
30:32 Gold Mining
30:36 Treadmill Crane
30:52 Murder Holes
32:57 Gold Shaft Mining
33:44 Horse Collar
39:05 Imperial Age
36:54 Hand Cart
37:55 Ballistics
38:56 Town Patrol
39:07 Heavy Plow
40:10 Masonry
39:40 Two-Handed Swordsman
41:22 Blast Furnace
40:26 Champion
41:39 Plate Mail Armor
41:10 Bracer
42:15 Chemistry
41:20 Siege Engineers
41:39 Kataparuto
41:39 Conscription
41:55 Hoardings
41:22 Yasama
42:02 Elite Samurai
43:27 Padded Archer Armor
46:18 Pikeman
48:35 Heavy Scorpion
HKolofmeiste
3:52 Loom
15:25 Feudal Age
16:44 Double-Bit Axe
17:32 Bloodlines
21:23 Horse Collar
25:27 Castle Age
24:33 Gold Mining
24:34 Stone Mining
25:52 Scale Barding Armor
26:45 Husbandry
28:51 Chain Barding Armor
29:51 Gold Shaft Mining
30:05 Light Cavalry
32:43 Heavy Plow
38:33 Imperial Age
38:04 Wheelbarrow
38:31 Corvinian Army
38:49 Bow Saw
39:17 Hand Cart
40:11 Conscription
40:26 Elite Magyar Huszar
43:49 Plate Barding Armor
48:13 Masonry
47:44 Treadmill Crane
49:05 Chemistry
48:26 Ballistics
49:16 Fletching
49:27 Padded Archer Armor
꧁༺乡 SC∆R 乡 ༻꧂
4:25 Loom
15:08 Feudal Age
22:34 Castle Age
20:30 Gold Mining
23:04 Double-Bit Axe
25:30 Stone Mining
28:18 Fletching
30:06 Wheelbarrow
29:16 Town Watch
29:25 Horse Collar
30:23 Heavy Plow
31:14 Bodkin Arrow
31:43 Ballistics
36:22 Imperial Age
35:09 Hul'che Javelineers
35:06 Town Watch
37:45 Bracer
37:46 Padded Archer Armor
38:01 Bow Saw
39:02 Chemistry
37:40 Elite Skirmisher
38:37 Thumb Ring
44:58 Leather Archer Armor
46:25 Ring Archer Armor
51:38 Forging
51:29 Scale Mail Armor
51:52 Conscription
50:53 Elite Plumed Archer
52:04 Holcans
51:52 Hand Cart
51:37 Town Patrol
Connection lost

Rejoining the realm…

Still unreachable

The connection could not be restored.

Session expired

The server has moved on; the page needs a fresh start.